 Dungeon Crawl Stone Soup version 0.24-a0-29-g43a6aff (webtiles) character file.

Game seed: 8516703861945937241

63 ohad the Changer (level 4, -6/28 HPs)
             Began as an Octopode Transmuter on Feb 2, 2019.
             Mangled by Crazy Yiuf
             ... wielding a +4 quarterstaff of chaos
              (10 damage)
             ... on level 2 of the Dungeon.
             The game lasted 00:03:20 (2126 turns).

ohad the Changer (Octopode Transmuter)              Turns: 2126, Time: 00:03:20

Health: -6/28      AC:  2    Str:  9    XL:     4   Next: 9%
Magic:  4/7        EV: 19    Int: 16    God:
Gold:   103        SH:  0    Dex: 17    Spells: 1/7 levels left

rFire    . . .     SeeInvis .     - Unarmed
rCold    . . .     Gourm    .   (shield currently unavailable)
rNeg     . . .     Faith    .   (helmet currently unavailable)
rPois    x         Spirit   .   (no amulet)
rElec    .         Reflect  .   (no ring)
rCorr    .         Harm     .   (no ring)
MR       .....                  (no ring)
Stlth    ++........             (no ring)
HPRegen  0.09/turn              (no ring)
MPRegen  0.10/turn              (no ring)
                                (no ring)
                                (no ring)

@: spider-form
A: tiny, almost no armour, stealthy swim, (amphibious), 8 rings, (constrict 8)
a: End Transformation


You were on level 2 of the Dungeon.
You were not hungry.
You were a venomous arachnid creature.
You visited 1 branch of the dungeon, and saw 2 of its levels.

You collected 103 gold pieces.

Inventory:

Hand Weapons
 l - a +0 dagger of venom (melded)
 n - a +1 mace of protection
Missiles
 a - 33 arrows
 d - 2 curare-tipped needles
Scrolls
 b - 2 scrolls of teleportation {unknown}
 e - a scroll of enchant armour {unknown}
 h - a scroll of blinking {unknown}
 j - a scroll of identify {unknown}
 k - a scroll of magic mapping {unknown}
Potions
 f - 3 potions of heal wounds {unknown}
 g - a potion of flight {unknown}
 i - a potion of haste {unknown}
Comestibles
 c - 2 rations
 m - 5 chunks of flesh


   Skills:
 - Level 1.0 Fighting
 - Level 2.0 Dodging
 - Level 3.0 Unarmed Combat
 - Level 2.0 Spellcasting
 + Level 4.2 Transmutations


You had one spell level left.
You knew the following spells:

 Your Spells              Type           Power        Failure   Level  Hunger
a - Beastly Appendage     Tmut           ###...       12%         1    #......
b - Sticks to Snakes      Tmut           ###.....     16%         2    ###....
c - Spider Form           Tmut/Pois      #.........   47%         3    ###....

Your spell library contained the following spells:

 Spells                   Type           Power        Failure   Level  Hunger
 Confusing Touch          Hex            #.....       41%         1    #......
 Confuse                  Hex            #.......     73%         3    ###....
 Gell's Gravitas          Tloc           #.........   73%         3    ###....
 Ice Form                 Ice/Tmut       #.......     83%         4    #####..
 Petrify                  Tmut/Erth      #.......     83%         4    #####..
 Blade Hands              Tmut           ###.......   86%         5    ######.
 Yara's Violent Unravell  Hex/Tmut       #.........   98%         5    ######.
 Metabolic Englaciation   Hex/Ice        #.........   100%        5    ######.


Dungeon Overview and Level Annotations

Branches:
Dungeon (2/15)

Altars:
Zin

Annotations:
D:2 Crazy Yiuf


Innate Abilities, Weirdness & Mutations

You cannot wear most types of armour.
You are very stealthy in the water. (Stealth+)
((You are amphibious.))
You can wear up to eight rings at the same time.
((You can use your tentacles to constrict eight enemies at once.))
((Your skin changes colour to match your surroundings (Stealth+).))
((Your rubbery body absorbs attacks. (AC +1, EV +1)))


Message History

n - a glowing mace You see here a mace.
Found a mace.
Found a runed translucent door.
Crazy Yiuf shouts!
Casting: Spider Form (safe; 26% risk of failure)
Confirm with . or Enter, or press ? or * to list all spells.
You turn into a venomous arachnid creature.
Your +0 dagger of venom melds into your body.
Your +0 dagger of venom stops dripping with poison.
As you open the door, it creaks loudly!
You hit Crazy Yiuf.
Crazy Yiuf is poisoned.
Crazy Yiuf is lightly wounded.
Crazy Yiuf hits you with a +4 quarterstaff of chaos.
You are electrocuted!!
Ouch! That really hurt!
* * * LOW HITPOINT WARNING * * *
You barely miss Crazy Yiuf.
Crazy Yiuf is lightly wounded.
Crazy Yiuf hits you with a +4 quarterstaff of chaos!
You die...

.# ##.....## #.# .#
##...## ### .# ##+##
## #.# ##### .# #.#
#)..# .# ##.## #...#
.# ##...# ... .#
#....# #g# .# ##.<.#
#s## .# ##.## ##.#
.########.## #.##
...........# ##.#
#########.## ##.##
#.# ##)).#
#########.# #))).#
.......##.# #))))#
.#####.##.######..##


You could see Crazy Yiuf.

Vanquished Creatures
  2 adders (D:2)
  2 dart slugs (D:1)
  3 ball pythons (D:2)
  3 bats (D:1)
  2 giant cockroaches (D:1)
  6 goblins
  5 hobgoblins
  3 jackals (D:2)
  4 kobolds
  A quokka (D:2)
  2 frilled lizards
  6 rats
39 creatures vanquished.

Notes
Turn   | Place    | Note
-------+----------+-------------------------------------------
     0 | D:1      | ohad the Octopode Transmuter began the quest for the Orb.
     0 | D:1      | Reached XP level 1. HP: 13/13 MP: 3/3
   181 | D:1      | Reached XP level 2. HP: 8/18 MP: 3/5
   527 | D:1      | Reached skill level 3 in Transmutations
   534 | D:1      | Learned a level 2 spell: Sticks to Snakes
  1133 | D:1      | Reached XP level 3. HP: 19/23 MP: 6/6
  1181 | D:1      | Learned a level 3 spell: Spider Form
  1872 | D:2      | Found a glowing silver altar of Zin.
  2022 | D:2      | Reached skill level 4 in Transmutations
  2032 | D:2      | Reached XP level 4. HP: 25/28 MP: 4/7
  2119 | D:2      | Found a runed translucent door.
  2120 | D:2      | Noticed Crazy Yiuf
  2126 | D:2      | Mangled by Crazy Yiuf

Vault maps used:
D:1:      minmay_arrival_checkered_box, serial_glass, glass_columns_a,
          glass_columns_a
D:2:      old_standard_altar, tgw_xom, chequers_jeans,
          minmay_shallow_snake_nest, uniq_crazy_yiuf_cottage, uniq_jessica

Skill      XL: |  1  2  3 |
---------------+----------+-----
Transmutations | 3 4 |  4.2
Fighting       | |  1.0
Dodging        | |  2.0
Unarmed Combat | |  3.0
Spellcasting   | |  2.0

Action                   |  1- 3 |  4- 6 || total
-------------------------+-------+-------++-------
Melee: Unarmed           |    92 |     2 ||    94
       Constrict         |    17 |     1 ||    18
       Kick              |     4 |       ||     4
       Tentacles         |    11 |     1 ||    12
       Punch             |     1 |       ||     1
       Dagger            |       |     2 ||     2
 Cast: Beastly Appendage |     5 |       ||     5
       Spider Form       |     4 |     1 ||     5
 Stab: Sleeping          |     5 |     1 ||     6
  Eat: Chunk             |     2 |       ||     2
       Ration            |     1 |       ||     1
Armor: Skin              |    15 |       ||    15
Dodge: Dodged            |    66 |     1 ||    67

Table legend:
 A = Non-vault XP
 B = Vault XP
 C = Vault XP percentage of total XP
 D = Non-vault monster count
 E = Vault monster count
 F = Vault count percentage of total count
                 A         B        C        D         E       F
            +---------+---------+-------+---------+---------+-------
      Total |      72 |      18 |  20.0 |      35 |       4 |  10.3
            +---------+---------+-------+---------+---------+-------
        D:1 |      37 |       0 |   0.0 |      20 |       0 |   0.0
        D:2 |      35 |      18 |  34.0 |      15 |       4 |  21.1
            +---------+---------+-------+---------+---------+-------
